 Dungeon Crawl Stone Soup version 0.32-a0-485-g70f7560b1c (webtiles) character file.

Game seed: 2763101403960619900

586 bjtr the Sneak (level 7, 0/33 HPs)
             Began as a Vine Stalker Enchanter on Feb 27, 2024.
             Splashed by a jelly's acid (4 damage)
             ... on level 5 of the Dungeon.
             The game lasted 00:13:15 (3631 turns).

bjtr the Sneak (Vine Stalker Enchanter)             Turns: 3631, Time: 00:13:16

Health: 0/33       AC: -12   Str: 10    XL:     7   Next: 37%
Magic:  0/11       EV: 13    Int: 17    God:
Gold:   214        SH:  0    Dex: 15    Spells: 7/10 levels left

rFire   . . .        g - +1 short sword
rCold   . . .        (no shield)
rNeg    + . .        b - +0 robe
rPois   .            (no helmet)
rElec   .            (no cloak)
rCorr   .            d - +1 pair of gloves
SInv    .            (no boots)
Will    .....        (no amulet)
Stlth   +++          q - ring of positive energy
HPRegen 1.05/turn    y - +4 ring of slaying
MPRegen 0.12/turn

%: guardian spirit
@: corroded
A: fangs 2, regeneration 1, magic shield, antimagic bite, no potion heal 2
a: no special abilities


You were on level 5 of the Dungeon.
You visited 1 branch of the dungeon, and saw 5 of its levels.

You collected 214 gold pieces.

Inventory:

Hand Weapons
 a - a +1 dagger
 g - a +1 short sword (weapon)
 o - a +1 whip of venom
 w - a +0 sling
Missiles
 k - 5 javelins (quivered)
 t - 6 poisoned darts
Armour
 b - a +0 robe (worn)
 d - a +1 pair of gloves (worn)
 e - a +0 leather armour
Magical Staves
 p - a staff of earth
Jewellery
 i - a ring of ice
 q - a ring of positive energy (left hand)
 y - a +4 ring of slaying (right hand)
Wands
 A - a wand of charming (11)
Scrolls
 n - 2 scrolls of teleportation
 s - a scroll of torment
 v - a scroll of immolation {unknown}
 x - a scroll of enchant weapon
 z - a scroll of enchant armour
 C - a scroll of vulnerability
Potions
 c - 2 potions of invisibility
 f - a potion of attraction {unknown}
 h - 3 potions of curing {unknown}
 j - a potion of might {unknown}
 l - a potion of lignification {unknown}
 m - a potion of haste {unknown}
 r - 3 potions of heal wounds {unknown}
 u - a potion of degeneration {unknown}
 B - a potion of brilliance {unknown}


   Skills:
 + Level 1.4 Fighting
 * Level 4.6 Short Blades
 + Level 2.8 Dodging
 + Level 6.1 Stealth
 + Level 2.4 Spellcasting
 + Level 3.5 Hexes
 + Level 0.3 Evocations


You had 7 spell levels left.
You knew the following spells:

 Your Spells              Type           Power      Damage    Failure   Level
a - Confusing Touch       Hex            13%        N/A       13%         3

Your spell library contained the following spells:

 Spells                   Type           Power      Damage    Failure   Level
 Jinxbite                 Hex            26%        N/A       7%          2
 Tukima's Dance           Hex            13%        N/A       13%         3
 Ensorcelled Hibernation  Hex/Ice        16%        N/A       14%         2
 Apportation              Tloc           4%         N/A       19%         1
 Dazzling Flash           Conj/Hex       16%        N/A       26%         3
 Hailstorm                Conj/Ice       2%         3d5       50%         3
 Summon Ice Beast         Ice/Summ       2%         N/A       50%         3
 Fulminant Prism          Conj/Alch      1%         3d5       88%         4
 Leda's Liquefaction      Alch/Erth      1%         N/A       88%         4
 Alistair's Intoxication  Alch           1%         N/A       99%         5
 Sculpt Simulacrum        Ice/Alch       1%         N/A       100%        6


Dungeon Overview and Level Annotations

Branches:
Dungeon (5/15)             Temple (0/1) D:5

Altars:
Uskayaw

Shops:
D:1 (   D:4 *


Innate Abilities, Weirdness & Mutations

You have extremely sharp teeth.
Your natural rate of healing is unusually fast.
When hurt, damage is shared between your health and your magic reserves.
Your bite disrupts and absorbs the magic of your enemies.
Potions cannot restore your health.


Message History

A - a wand of charming (11)
There is an open door here.
You open the door.
There is an open door here.
A jelly comes into view.
A jelly is nearby!
Found a hide-covered altar of Uskayaw.
Found a scroll of vulnerability.
Found a yellow potion.
The jelly quivers.
B - a yellow potion The jelly jiggles.
Found a sling.
You see here a scroll of vulnerability.
C - a scroll of vulnerability The jelly hits you but does no damage.
You puncture the jelly! The acid corrodes you!
Your hands burn!
You bite the jelly. You drain its power.
You feel invigorated.
The jelly is heavily wounded.
The jelly hits you. The acid corrodes you!
You are splashed with acid!
You hit the jelly.
Your hands burn!
The jelly is severely wounded.
The jelly barely misses you.
You hit the jelly but do no damage.
Your hands burn!
You bite the jelly, but do no damage.
The jelly is severely wounded.
You completely miss the jelly. Your bite misses the jelly.
The jelly is severely wounded.
The jelly hits you.
You are splashed with acid!
You hit the jelly. The acid corrodes you!
Your hands burn!
You bite the jelly. You drain its power.
You feel invigorated.
The jelly is almost dead.
The jelly hits you.
You are splashed with acid!
* * * LOW HITPOINT WARNING * * *
You hit the jelly but do no damage.
Your hands burn!
* * * LOW HITPOINT WARNING * * *
The jelly is almost dead.
The jelly barely misses you.
You hit the jelly but do no damage. The acid corrodes you!
Your hands burn!
You die...

#....≈.§.§...≈......#.
#....≈.#####.≈.##...#.
#....§.....#.≈.##...#.
##...≈.#._.#.≈......#.
#...≈.#.....≈......#.
+...≈.#####§≈......#.
#...≈......§≈......#.
#..J≈≈≈≈≈≈≈≈≈......#.
#...@..............#.
#.......#..........#.
#.......#..........#.
#.......#####+##...#.
#......... ...#.
#.......... ...#.
..#######.... ..#. ..
.... #. ...). #.


You could see a jelly.

Vanquished Creatures
  The ghost of hgbash the Digger, an amateur GrEE (D:3)
  An ogre (D:4)
  A scorpion (D:4)
  A sleepcap (D:5)
  4 iguanas
  An orc wizard (D:3)
  3 gnolls (D:2)
  5 adders
  5 dart slugs
  2 ribbon worms (D:2)
  10 orcs
  6 ball pythons
  4 bats
  9 endoplasms
  6 giant cockroaches
  5 goblins
  7 hobgoblins
  7 kobolds
  3 quokkas
  3 frilled lizards
  4 rats
88 creatures vanquished.

Notes
Turn   | Place    | Note
-------+----------+-------------------------------------------
     0 | D:1      | bjtr the Vine Stalker Enchanter began the quest for the
                  | Orb.
     0 | D:1      | Reached XP level 1. HP: 9/9 MP: 4/4
   226 | D:1      | Reached XP level 2. HP: 13/13 MP: 6/6
   249 | D:1      | Reached skill level 1 in Short Blades
   399 | D:1      | Found Rula's Weapon Shoppe.
   438 | D:1      | Reached skill level 4 in Stealth
   589 | D:2      | Found a faded altar of an unknown god.
   620 | D:2      | Reached XP level 3. HP: 12/16 MP: 4/7
   943 | D:2      | Reached XP level 4. HP: 19/21 MP: 6/8
  1321 | D:3      | Reached XP level 5. HP: 20/24 MP: 6/9
  1455 | D:3      | Found a runed translucent door.
  1470 | D:3      | Noticed hgbash's ghost (amateur GrEE)
  2202 | D:3      | Killed hgbash's ghost
  2203 | D:3      | Reached skill level 1 in Fighting
  2203 | D:3      | Reached skill level 5 in Stealth
  2203 | D:3      | Reached XP level 6. HP: 30/30 MP: 10/10
  2213 | D:3      | Got the Precepts of Cohobation
  2218 | D:3      | Learned a level 3 spell: Confusing Touch
  2641 | D:4      | Reached XP level 7. HP: 32/33 MP: 8/11
  3183 | D:4      | Found Bihaff's Mayhem Merchandise.
  3344 | D:5      | Entered Level 5 of the Dungeon
  3369 | D:5      | Reached skill level 6 in Stealth
  3449 | D:5      | Found a staircase to the Ecumenical Temple.
  3585 | D:5      | Found a hide-covered altar of Uskayaw.
  3631 | D:5      | Splashed by a jelly's acid

Illustrated notes

Levels and vault maps discovered:
D:1:      spicycebolla_arrival_risky_transporter, layout_basic, serial_shops,
          shop, minmay_surrounded
D:2:      minmay_inner_zag, layout_basic, basic_ecumenical_altar,
          kennysheep_generic_room_2
D:3:      layout_loops_ring, ebering_ghost_sewer_d, serial_forest,
          infiniplex_forest_clump_curved, infiniplex_forest_straight_2,
          infiniplex_forest_end_double, infiniplex_forest_pool,
          infiniplex_forest_clump_small, infiniplex_forest_straight_2
D:4:      cheibrodos_quashed, layout_basic, minmay_shop_mayhem, minivault_14
D:5:      layout_gridville, mainiacjoe_overflow_brackets, temple_statues

Skill      XL: |  1  2  3  4  5  6  7 |
---------------+----------------------+-----
Short Blades   | 1 2 3 4 |  4.6
Stealth        | 4 5 6 |  6.1
Dodging        | 2 |  2.8
Fighting       | 1 |  1.4
Spellcasting   | |  2.4
Hexes          | |  3.5
Evocations     | |  0.3

Action                     |  1- 3 |  4- 6 |  7- 9 || total
---------------------------+-------+-------+-------++-------
  Melee: Dagger            |   125 |   132 |       ||   257
         Bite              |    32 |    42 |    21 ||    95
         Short sword       |       |    14 |    57 ||    71
  Evoke: Wand              |       |     4 |       ||     4
    Use: Scroll            |       |     6 |     1 ||     7
   Stab: Sleeping          |     6 |     9 |     4 ||    19
         Distracted        |       |     1 |       ||     1
 Armour: Robe              |    61 |    59 |    21 ||   141
  Dodge: Dodged            |    83 |    66 |    22 ||   171

Table legend: (Time is in decaauts)
 A = Elapsed time spent in this place.
 B = Non-inter-level travel time spent in this place.
 C = Inter-level travel time spent in this place.
 D = Time resting spent in this place.
 E = Time spent auto-exploring this place.
 F = Levels seen in this place.
 G = Mean time per level.
                   A        B        C        D        E       F      G
               +--------+--------+--------+--------+--------+-----+--------+
         Total |   3596 |   3478 |    118 |    246 |   2260 |   5 |  719.2 |
       Dungeon |   3596 |   3478 |    118 |    246 |   2260 |   5 |  719.2 |
               +--------+--------+--------+--------+--------+-----+--------+

Top non-repeatable levels by time:
     D:3: 1145 daAuts
     D:4: 874 daAuts
     D:2: 709 daAuts
     D:1: 584 daAuts
     D:5: 282 daAuts
